 Dungeon Crawl Stone Soup version 0.29-a0-22-gbf593b16ee (webtiles) character file.

Game seed: 15647207886184436944

3425 soggyman666 the Cleaver (level 10, -2/84 HPs)
             Began as a Hill Orc Fighter on Jan 29, 2022.
             Was a Follower of Beogh.
             Slain by a two-headed ogre (13 damage)
             ... on level 8 of the Dungeon.
             The game lasted 00:24:12 (9164 turns).

soggyman666 the Cleaver (Hill Orc Fighter)          Turns: 9164, Time: 00:24:13

Health: -2/84      AC: 18    Str: 22    XL:     10   Next: 5%
Magic:  22/22      EV:  7    Int:  8    God:    Beogh [*.....]
Gold:   354        SH:  5    Dex: 12    Spells: 9/9 levels left

rFire   . . .      SeeInvis .   a - +2 war axe (flame)
rCold   . . .      Faith    .   c - +0 buckler
rNeg    . . .      Spirit   .   z - +0 plate armour
rPois   +          Reflect  .   G - +0 helmet
rElec   .          Harm     .   r - +0 cloak
rCorr   .          Rampage  .   H - +0 pair of gloves
Will    .....                   p - +0 pair of boots
Stlth   ..........              I - amulet of regeneration
HPRegen 1.04/turn               e - ring of poison resistance
MPRegen 0.18/turn               m - ring of magical power

@: no status effects
A: no striking features
a: Renounce Religion


You were on level 8 of the Dungeon.
You worshipped Beogh.
Beogh was aware of your devotion.
You visited 1 branch of the dungeon, and saw 8 of its levels.
You also visited: Sewer.

You collected 475 gold pieces.
You spent 121 gold pieces at shops.

Inventory:

Hand Weapons
 a - a +2 war axe of flaming (weapon)
 b - a +0 mace of holy wrath
 B - a +0 war axe
 C - a +0 war axe
 K - a +5 dire flail
Missiles
 f - 117 stones
 j - 3 boomerangs (quivered)
 n - a javelin
 v - 9 poisoned darts
Armour
 c - a +0 buckler (worn)
 p - a +0 pair of boots (worn)
 r - a +0 cloak (worn)
 z - a +0 plate armour (worn)
 G - a +0 helmet (worn)
 H - a +0 pair of gloves (worn)
Jewellery
 e - a ring of poison resistance (left hand)
 m - a ring of magical power (right hand)
 I - an amulet of regeneration (around neck)
Wands
 u - a wand of flame (35)
Scrolls
 h - a scroll of brand weapon
 q - 2 scrolls of summoning
 s - 2 scrolls of blinking
 t - 3 scrolls of magic mapping
 w - a scroll of acquirement {unknown}
 y - 2 scrolls of teleportation
 F - a scroll of fog
Potions
 d - 2 potions of might
 g - 6 potions of flight
 i - 3 potions of haste
 l - 3 potions of ambrosia
 o - a potion of cancellation
 A - a potion of invisibility
 D - 2 potions of curing
 E - a potion of resistance {unknown}
 J - a potion of heal wounds {unknown}


   Skills:
 + Level 6.9 Fighting
 + Level 10.6 Axes
 + Level 3.5 Throwing
 + Level 7.7 Armour
 + Level 1.8 Dodging
 + Level 1.4 Stealth
 + Level 5.5 Shields
 * Level 4.4 Invocations
 * Level 3.0 Evocations


You had 9 spell levels left.
You didn't know any spells.
Your spell library contained the following spells:

 Spells                   Type           Power      Damage    Failure   Level
 Freeze                   Ice            0%         1d3       100%        1
 Corpse Rot               Necr/Air       0%         N/A       100%        2
 Frozen Ramparts          Ice            0%         1d2       100%        3
 Dispel Undead            Necr           0%         3d6       100%        4
 Hailstorm                Conj/Ice       0%         3d3       100%        4
 Death Channel            Necr           0%         N/A       100%        6


Dungeon Overview and Level Annotations

Branches:
Dungeon (8/15)             Temple (0/1) D:4            Lair (0/6) D:8
  Sewer (visited)

Altars:
Elyvilon
Sif Muna
Wu Jian
The Shining One

Shops:
D:3 *   D:5 :   D:6 [   D:7 *

Annotations:
D:7 1 runed translucent door, bladeefan's ghost, novice MiCK


Message History

You closely miss the gnoll. You slash the gnoll! You burn the gnoll.
The gnoll hits you with a +0 club. x2
The gnoll hits you from afar with a +0 spear.
You block the gnoll's attack.
You hit the gnoll but do no damage.
The gnoll is almost dead.
You hit the gnoll. You burn the gnoll. You hit the gnoll. You burn the gnoll.
The gnoll hits you with a +0 club. You block the gnoll's attack.
The gnoll hits you from afar with a +0 spear.
You hit the gnoll. You burn the gnoll.
You kill the gnoll!
Beogh accepts your kill.
You slash the gnoll! You burn the gnoll.
You kill the gnoll!
Beogh accepts your kill.
You slash the two-headed ogre! You burn the two-headed ogre.
You block the gnoll's attack. The gnoll closely misses you.
You closely miss the two-headed ogre.
The two-headed ogre is moderately wounded.
The two-headed ogre hits you with a +0 giant spiked club!
The two-headed ogre hits you but does no damage.
The gnoll hits you from afar with a +0 spear.
You block the gnoll's attack.
Unknown command.
You are too injured to fight recklessly!
As you read the scroll of fear, it crumbles to dust.
You assume a fearsome visage.
The two-headed ogre looks frightened!
The gnoll looks frightened! x2
You are too injured to fight recklessly!
Unknown command.
Throw: 3 boomerangs
Press: ? - help, Shift-Dir - straight line, f - two-headed ogre
Aim: a two-headed ogre, wielding two +0 giant spiked clubs (moderately wounded, fleeing, 76% to hit)
You throw a boomerang. The boomerang hits the two-headed ogre.
Your attack snaps the two-headed ogre out of its fear.
The two-headed ogre is moderately wounded.
The two-headed ogre hits you with a +0 giant spiked club!!
* * * LOW HITPOINT WARNING * * *
The two-headed ogre hits you with a +0 giant spiked club!
You die...

#..........,,,,,,,*
#.........,,,,,,,,* ####
#........#********* >..#
#.gg.....# ...## #........#
.)..## #........#
.....######.....)..#####**
...............O))......>#
...#..#####.....@..#####.#
...##.## #....)...# #.#
...##..# #....))..# #.#
...###.# #........# #.# ...#
#.## #........# #.# ...# #..#
#........#####.#### ...# ##.#
###.#####.........#
...####.#####.#####.........#
..................#.........#


You could see a two-headed ogre and 2 gnolls.

Vanquished Creatures
  A two-headed ogre (D:8)
  Prince Ribbit (D:6)
  Sigmund (D:6)
  A steam dragon (D:8)
  Duvessa (D:7)
  2 sky beasts (D:7)
  A black bear (D:6)
  A necrophage (D:5)
  An ogre (D:4)
  A phantom (D:4)
  A gnoll sergeant (D:6)
  A scorpion (D:5)
  2 bullfrogs (D:8)
  Dowan (D:7)
  8 wights (D:8)
  9 killer bees
  A howler monkey (D:7)
  3 bullfrog zombies (D:5)
  A centaur zombie (D:8)
  A hound (D:6)
  A jelly (D:5)
  Crazy Yiuf (D:2)
  An orc priest (D:7)
  A gnoll shaman (D:8)
  An iguana (D:7)
  2 orc wizards (D:3)
  A hound skeleton (D:5)
  A howler monkey zombie (D:8)
  11 adders
  12 gnolls
  6 river rats (Sewer)
  A shadow imp (D:5)
  A white imp (D:7)
  2 adder skeletons
  3 worms
  2 dart slugs
  9 orcs
  15 ball pythons
  2 endoplasms
  3 giant cockroaches
  6 goblins
  3 hobgoblins
  3 jackals (Sewer)
  10 kobolds
  2 quokkas
  12 bats
  8 frilled lizards
  2 rats
161 creatures vanquished.

Vanquished Creatures (others)
  An orc wizard (D:7)
1 creature vanquished.

Grand Total: 162 creatures vanquished

Notes
Turn   | Place    | Note
-------+----------+-------------------------------------------
     0 | D:1      | soggyman666 the Hill Orc Fighter began the quest for the
                  | Orb.
     0 | D:1      | Reached XP level 1. HP: 19/19 MP: 1/1
   159 | D:1      | Reached XP level 2. HP: 27/27 MP: 2/2
   641 | D:1      | Reached skill level 3 in Axes
  1147 | D:2      | Reached XP level 3. HP: 30/33 MP: 3/3
  1505 | D:2      | Reached XP level 4. HP: 12/40 MP: 4/4
  2194 | D:2      | Found a runed translucent door.
  2195 | D:2      | Noticed Crazy Yiuf
  2307 | D:2      | Killed Crazy Yiuf
  2434 | D:3      | Reached XP level 5. HP: 46/47 MP: 5/5
  2645 | D:3      | Found a glowing drain.
  2664 | D:3      | Reached skill level 4 in Axes
  2673 | Sewer    | Entered a sewer
  3000 | Sewer    | Reached XP level 6. HP: 51/55 MP: 6/6
  3233 | Sewer    | Reached skill level 5 in Axes
  3682 | D:3      | Found a glowing golden altar of the Shining One.
  3683 | D:3      | Found an ornate altar of the Wu Jian Council.
  3985 | D:3      | Found Byasoq's Assorted Antiques.
  3995 | D:3      | Bought a thin ruby amulet for 95 gold pieces
  4374 | D:4      | Found a staircase to the Ecumenical Temple.
  4429 | D:4      | Reached skill level 5 in Fighting
  4429 | D:4      | Reached skill level 5 in Armour
  4676 | D:4      | Reached XP level 7. HP: 61/61 MP: 7/7
  4836 | D:4      | Reached skill level 1 in Throwing
  4853 | D:4      | Reached skill level 6 in Axes
  4853 | D:4      | Reached skill level 1 in Dodging
  4853 | D:4      | Reached skill level 1 in Stealth
  5170 | D:5      | Entered Level 5 of the Dungeon
  5367 | D:5      | Found Kaozump's Book Boutique.
  5908 | D:5      | Found a shimmering blue altar of Sif Muna.
  5911 | D:5      | Reached skill level 7 in Axes
  6083 | D:6      | Reached XP level 8. HP: 57/69 MP: 6/8
  6434 | D:6      | Noticed Sigmund
  6447 | D:6      | Killed Sigmund
  6448 | D:6      | Reached skill level 8 in Axes
  6506 | D:6      | Found Wesytaruqo's Antique Armour Shoppe.
  6694 | D:6      | Noticed Prince Ribbit
  6721 | D:6      | Killed Prince Ribbit
  7172 | D:7      | Found a runed translucent door.
  7172 | D:7      | Noticed bladeefan's ghost (novice MiCK)
  7244 | D:7      | Noticed Duvessa
  7536 | D:7      | Reached skill level 5 in Shields
  7598 | D:7      | Found a white marble altar of Elyvilon.
  7698 | D:7      | Reached XP level 9. HP: 75/75 MP: 9/9
  7705 | D:7      | Became a worshipper of Beogh the Brigand
  7717 | D:7      | Reached skill level 9 in Axes
  7717 | D:7      | Reached skill level 1 in Evocations
  7724 | D:7      | Found Miulyenn's General Store.
  7732 | D:7      | Bought a scroll of identify for 26 gold pieces
  7944 | D:7      | Noticed Dowan
  7962 | D:7      | Killed Duvessa
  7963 | D:7      | Reached skill level 1 in Invocations
  7967 | D:7      | Killed Dowan
  8423 | D:8      | Found a staircase to the Lair.
  8528 | D:8      | Noticed a two-headed ogre
  8918 | D:8      | Killed a two-headed ogre
  8919 | D:8      | Reached skill level 10 in Axes
  9076 | D:8      | Reached * piety under Beogh
  9145 | D:8      | Reached XP level 10. HP: 67/84 MP: 13/13
  9154 | D:8      | Noticed a two-headed ogre
  9164 | D:8      | Slain by a two-headed ogre

Illustrated notes

Levels and vault maps discovered:
D:1:      ncdulo_halloftheorcs, layout_basic
D:2:      layout_loops_cross, uniq_crazy_yiuf_cottage
D:3:      layout_basic, grunt_temple_overflow_open, gup_sewer_entry_glass,
          serial_shops, nicolae_shop_stone
D:4:      layout_basic, minmay_temple_entry_slanted
D:5:      layout_loops_corners, marbit_many_paths, serial_shops,
          nicolae_shop_statue_plus
D:6:      layout_cave_pods, serial_shops, shop_statue, uniq_sigmund,
          uniq_prince_ribbit1
D:7:      layout_loops_ring, mainiacjoe_overflow_concentric_impassable,
          serial_shops, shop, gammafunk_ghost_grave, uniq_duvessa
D:8:      layout_basic, lair_entry_dummy

Skill      XL: |  1  2  3  4  5  6  7  8  9 |
---------------+----------------------------+-----
Fighting       | 4 5 6 |  6.9
Axes           | 3 4 5 7 8 10 | 10.6
Armour         | 4 5 6 7 |  7.7
Shields        | 4 5 |  5.5
Throwing       | 2 3 |  3.5
Dodging        | 1 |  1.8
Stealth        | 1 |  1.4
Evocations     | 3 |  3.0
Invocations    | 4 |  4.4

Action                   |  1- 3 |  4- 6 |  7- 9 | 10-12 || total
-------------------------+-------+-------+-------+-------++-------
Melee: War axe           |    80 |   250 |   219 |    13 ||   562
Throw: Boomerang         |     5 |    26 |    26 |     1 ||    58
       Javelin           |       |     2 |     1 |       ||     3
       Throwing net      |       |     1 |       |       ||     1
       Dart              |       |       |     6 |       ||     6
Invok: Convert to Beogh  |       |       |     1 |       ||     1
  Use: Scroll            |     2 |     6 |    13 |     1 ||    22
       Potion            |       |       |     4 |       ||     4
Armor: Scale mail        |    10 |       |       |       ||    10
       Chain mail        |    41 |   218 |   111 |       ||   370
       Plate armour      |       |       |    59 |     7 ||    66
Dodge: Dodged            |    36 |   104 |    85 |     6 ||   231
Block: Buckler           |    22 |    79 |    54 |     7 ||   162

Table legend: (Time is in decaauts)
 A = Elapsed time spent in this place.
 B = Non-inter-level travel time spent in this place.
 C = Inter-level travel time spent in this place.
 D = Time resting spent in this place.
 E = Time spent auto-exploring this place.
 F = Levels seen in this place.
 G = Mean time per level.
                   A        B        C        D        E       F      G
               +--------+--------+--------+--------+--------+-----+--------+
         Total |   9529 |   9151 |    378 |    917 |   6342 |   9 | 1058.8 |
       Dungeon |   8388 |   8010 |    378 |    805 |   5745 |   8 | 1048.5 |
         Sewer |   1141 |   1141 |      0 |    112 |    597 |   1 | 1141.0 |
               +--------+--------+--------+--------+--------+-----+--------+

Top non-repeatable levels by time:
     D:7: 1300 daAuts
     D:1: 1280 daAuts
     D:2: 1180 daAuts
   Sewer: 1141 daAuts
     D:6: 1061 daAuts
     D:3: 985 daAuts
     D:4: 920 daAuts
     D:5: 885 daAuts
     D:8: 774 daAuts
